 Dungeon Crawl Stone Soup version 0.21-a0-442-g848f44b (webtiles) character file.

16 slep the Bolt Thrower (level 2, 0/21 HPs)
             Began as a Demonspawn Wanderer on Nov 14, 2017.
             Slain by an adder (2 damage)
             ... on level 2 of the Dungeon.
             The game lasted 00:03:44 (751 turns).

slep the Bolt Thrower (Demonspawn Wanderer)          Turns: 751, Time: 00:03:44

Health: 0/21       AC:  2    Str:  8    XL:     2   Next: 41%
Magic:  3/3        EV: 11    Int: 15    God:
Gold:   37         SH:  0    Dex: 14    Spells: 3/3 levels left

rFire    + . .     SeeInvis .   (no weapon)
rCold    . . .     Gourm    .   (no shield)
rNeg     . . .     Faith    .   e - +0 robe
rPois    .         Spirit   .   (no helmet)
rElec    .         Reflect  .   (no cloak)
rCorr    .         Harm     .   (no gloves)
MR       .....                  (no boots)
Stlth    +.........             (no amulet)
HPRegen  0.07/turn              j - ring of protection from fire
MPRegen  0.08/turn              (no ring)

@: lethally poisoned (0 -> -4)
A: claws 1
a: no special abilities


You were on level 2 of the Dungeon.
You were not hungry.

You visited 1 branch of the dungeon, and saw 2 of its levels.

You collected 37 gold pieces.

Inventory:

Hand Weapons
 b - a +0 hand crossbow
Missiles
 c - 23 bolts
Armour
 e - a +0 robe (worn)
 k - a +0 buckler
Jewellery
 j - a ring of protection from fire (left claw)
Scrolls
 g - a scroll of identify {unknown}
Potions
 d - a potion of lignification
 h - a potion of curing {unknown}
 i - 2 potions of berserk rage {unknown}
Books
 a - a book of Frost

   Spells                             Type                      Level
   a - Freeze                         Ice                          1
   b - Throw Frost                    Conjuration/Ice              2
   c - Ozocubu's Armour               Charms/Ice                   3
   d - Throw Icicle                   Conjuration/Ice              4
   e - Summon Ice Beast               Ice/Summoning                4
Comestibles
 f - 4 bread rations


   Skills:
 + Level 1.1 Fighting
 + Level 3.4 Crossbows
 + Level 1.0 Armour
 + Level 1.0 Spellcasting
   Level 1.1 Necromancy
   Level 1.0 Ice Magic
   Level 2.0 Evocations


You had 3 spell levels left.
You didn't know any spells.

Dungeon Overview and Level Annotations

Branches:
Dungeon (2/15)

Altars:


Innate Abilities, Weirdness & Mutations

You have sharp fingernails.


Message History

You barely miss the frilled lizard.
The goblin shouts!
The frilled lizard bites you.
* * * LOW HITPOINT WARNING * * *
The adder bites you.
* * * LOW HITPOINT WARNING * * *
You miss the frilled lizard.
The frilled lizard bites you but does no damage.
The adder closely misses you.
An adder comes into view.
You barely miss the frilled lizard. The adder bites you.
* * * LOW HITPOINT WARNING * * *
You are lethally poisoned!
The adder poisons you! The frilled lizard barely misses you.
The adder hisses angrily.
You scratch the frilled lizard.
You kill the frilled lizard!
* * * LOW HITPOINT WARNING * * *
You feel sick. The adder bites you.
You die...

. #.# .... .. #.# ....
#. #.# .....#.
#.#######.
....#.##.#.......
.........#.......
#.#...#S#.......
#.#..Kg)@.......
.###.#.#.##....g...
.....#...##..<...S. #.
.........##........
###...#.#.#..###.##..##.
..... #.#<##.# #.. ...#
.....##.#....# ### ....
.............# ....
#.(.........####


You could see 2 adders, a hobgoblin, a goblin and a kobold.

Vanquished Creatures
  2 leopard geckos (D:1)
  A giant cockroach (D:1)
  A goblin (D:2)
  3 hobgoblins (D:1)
  2 kobolds (D:2)
  3 frilled lizards
  2 rats (D:1)
14 creatures vanquished.

Notes
Turn   | Place    | Note
-------+----------+-------------------------------------------
     0 | D:1      | slep the Demonspawn Wanderer began the quest for the Orb.
     0 | D:1      | slep set off with: a book of Frost, a +0 hand crossbow, 24 bolts, a potion of lignification, a +0 robe, a bread ration
     0 | D:1      | Reached XP level 1. HP: 15/15 MP: 2/2
    86 | D:1      | Reached skill level 3 in Crossbows
   341 | D:1      | Gained mutation: You have sharp fingernails. [demonic ancestry]
   341 | D:1      | Reached XP level 2. HP: 21/21 MP: 3/3
   751 | D:2      | Slain by an adder

Vault maps used:
D:1:      lightli_arrival_boilingwater, minmay_misc_feat_rows,
          serial_park_tiny_pond
D:2:      first_bread, uniq_jessica, uniq_terence, uniq_robin

Skill      XL: |  1 |
---------------+----+-----
Crossbows      | 3 |  3.4
Fighting       | |  1.1
Armour         | |  1.0
Spellcasting   | |  1.0
Necromancy     | |  1.1
Ice Magic      | |  1.0
Evocations     | |  2.0

Action                   || total
-------------------------++-------
Melee: Unarmed           ||    32
 Fire: Hand crossbow     ||    16
 Stab: Sleeping          ||     1
Armor: Robe              ||     5
Dodge: Dodged            ||    25

Table legend:
 A = Spawn XP
 B = Non-spawn XP
 C = Spawn XP percentage of total XP
 D = Spawn monster count
 E = Non-spawn monster count
 F = Spawn count percentage of total count
 G = Total turns spent on level
                    A         B        C        D         E        F      G
               +---------+---------+-------+---------+---------+-------+---------
         Total |       0 |      24 |   0.0 |       0 |      14 |   0.0 |   751
               +---------+---------+-------+---------+---------+-------+---------
           D:1 |       0 |      17 |   0.0 |       0 |       9 |   0.0 |   673
           D:2 |       0 |       7 |   0.0 |       0 |       5 |   0.0 |    78
               +---------+---------+-------+---------+---------+-------+---------
